[Event "Titled Tuesday Blitz September 27 Early 2022"]
[White "Jaskolka, Tomasz"]
[Black "Al Hosani, Omran"]
[WhiteFideId "1170791"]
[BlackFideId "9308733"]
[WhiteElo "2073"]
[BlackElo "2167"]
[Result "1/2-1/2"]
[Round "03"]
[TimeControl "180+1"]
[Date "2022.09.27"]
[WhiteClock "0:00:08"]
[BlackClock "0:00:18"]

1. d4 Nf6 2. c4 e6 3. g3 d5 4. Bg2 Be7 5. Nf3 O-O 6. O-O c6 7. Nc3 dxc4 8. a4 Nd5 9. Ne5 c5 10. dxc5 Nxc3 11. bxc3 Bxc5 12. Nxc4 Nc6 13. Bf4 Qe7 14. Bd6 Bxd6 15. Qxd6 Qxd6 16. Nxd6 Rd8 17. Rfd1 Kf8 18. Rab1 Rd7 19. Bxc6 bxc6 20. Nxc8 Rxd1+ 21. Rxd1 Rxc8 22. Rd7 Rb8 23. Rc7 Rb1+ 24. Kg2 Rb6 25. Kf3 Ra6 26. Ke4 Rxa4+ 27. Ke5 Ra2 28. Kd6 g6 29. e4 a5 30. Kxc6 Rxf2 31. Ra7 Rc2 32. Kd6 Rxc3 33. Rxa5 Rc2 34. h4 Rc3 35. g4 Rh3 36. h5 Kg7 37. hxg6 hxg6 38. g5 Rg3 39. Ke7 Rf3 40. Ke8 Rf4 41. Ra7 Kg8 42. Rb7 e5 43. Re7 Rxe4 44. Rxf7 Rg4 45. Rf8+ Kh7 46. Rf7+ Kh8 47. Rf8+ Kg7 48. Rf7+ Kg8 49. Rf8+ Kg7 50. Rf7+ Kh8 51. Rf8+ Kh7 52. Rf7+ Kh8 1/2-1/2


[Site "https://www.chess.com"]

[Event "Titled Tuesday Blitz September 27 Early 2022"]
[White "Jeet, Jain"]
[Black "Sanchez, Robert"]
[WhiteFideId "5073022"]
[BlackFideId "2034360"]
[WhiteElo "2055"]
[BlackElo "2400"]
[Result "1-0"]
[Round "03"]
[TimeControl "180+1"]
[Date "2022.09.27"]
[WhiteClock "0:01:01"]
[BlackClock "0:00:06"]

1. d4 d5 2. Nf3 e6 3. Bf4 Nf6 4. c3 Be7 5. e3 O-O 6. Bd3 c5 7. Nbd2 Nc6 8. Ne5 Nxe5 9. dxe5 Nd7 10. h4 f6 11. exf6 Nxf6 12. Nf3 Bd6 13. Bg5 Qc7 14. Bc2 Bd7 15. Bxf6 Rxf6 16. Qd3 g6 17. h5 c4 18. Qd4 Raf8 19. hxg6 hxg6 20. Ng5 Bc8 21. Rh8+ Kxh8 22. Qh4+ Kg8 23. O-O-O Qg7 24. f4 e5 25. g3 exf4 26. gxf4 Bf5 27. Rh1 Bxc2 28. Kxc2 Re8 29. Qg3 Rfe6 30. Nxe6 Rxe6 31. Qf3 Re4 32. Qd1 Qf7 33. Qg1 b5 34. Qh2 Qg7 35. Qh3 Kf7 36. Qd7+ Be7 37. Qxd5+ Re6 38. e4 Qf6 39. f5 1-0


[Site "https://www.chess.com"]

[Event "Titled Tuesday Blitz September 27 Early 2022"]
[White "Jimenez Almeida, Luis David"]
[Black "Stremavicius, Titas"]
[WhiteFideId "22242244"]
[BlackFideId "12804444"]
[WhiteElo "2077"]
[BlackElo "2399"]
[Result "0-1"]
[Round "03"]
[TimeControl "180+1"]
[Date "2022.09.27"]
[WhiteClock "0:00:02"]
[BlackClock "0:00:17"]

1. e4 c5 2. Nc3 e6 3. g3 a6 4. Bg2 b5 5. Nge2 Bb7 6. d4 cxd4 7. Nxd4 Nc6 8. O-O Nxd4 9. Qxd4 Ne7 10. Re1 Nc6 11. Qd3 d6 12. Bf4 Be7 13. Rad1 Ne5 14. Qe2 Qc7 15. Be3 O-O 16. f4 Nc4 17. Bc1 Rac8 18. Kh1 Bf6 19. Rd3 Nb6 20. a3 Nc4 21. Nd1 Rfd8 22. c3 d5 23. e5 Be7 24. Ne3 a5 25. b4 axb4 26. axb4 d4 27. Rxd4 Rxd4 28. cxd4 Bxb4 29. Rd1 Bxg2+ 30. Qxg2 Nb6 31. h4 g6 32. h5 Qc3 33. h6 Bf8 34. d5 Nxd5 35. Nxd5 exd5 36. Kh2 d4 37. Bb2 Qb3 38. Rxd4 Bxh6 39. Kh3 Bg7 40. Qd2 h5 41. Rd8+ Rxd8 42. Qxd8+ Kh7 43. Qd2 b4 44. Qd4 Qe6+ 45. Kg2 b3 46. Kh2 Qc6 47. Kg1 Bf8 48. Kh2 Qc2+ 49. Kh3 Bc5 50. Qd5 Kg8 51. Qd8+ Kh7 52. Qf6 Qf5+ 53. Qxf5 gxf5 54. Kh4 Kg6 55. Kh3 Be3 56. Kh4 Bf2 57. Kh3 Be1 58. Kh4 Bd2 59. Kh3 h4 60. Kxh4 Be3 61. Kh3 Kh5 62. e6 fxe6 63. Kg2 Kg4 64. Kh2 Bf2 65. Kg2 Bxg3 66. Bd4 Bxf4 0-1


[Site "https://www.chess.com"]

[Event "Titled Tuesday Blitz September 27 Early 2022"]
[White "Johnson, Ben"]
[Black "Aggelis, Nikolaos"]
[WhiteFideId "2010917"]
[BlackFideId "4213220"]
[WhiteElo "2213"]
[BlackElo "2154"]
[Result "0-1"]
[Round "03"]
[TimeControl "180+1"]
[Date "2022.09.27"]
[WhiteClock "0:00:04"]
[BlackClock "0:00:36"]

1. Nf3 Nf6 2. c4 c6 3. d4 d5 4. b3 g6 5. e3 Bg7 6. Bd3 O-O 7. O-O b6 8. cxd5 Nxd5 9. e4 Nb4 10. Be2 Ba6 11. Bxa6 N4xa6 12. Bg5 c5 13. Nc3 Nc6 14. d5 Bxc3 15. dxc6 Bxa1 16. Qxa1 f6 17. Bh6 Rf7 18. e5 Qd5 19. Re1 Qxc6 20. e6 Rg7 21. Bxg7 Kxg7 22. Qc3 Rd8 23. h4 Nc7 24. h5 Nxe6 25. hxg6 hxg6 26. Qe3 Kf7 27. Qh6 Rd3 28. Nh4 Nf8 29. g3 Qd5 30. Ng2 Rd1 31. Rxd1 Qxd1+ 32. Kh2 Qh5+ 33. Qxh5 gxh5 34. Nf4 Ne6 35. Nxh5 Nd4 36. Nf4 Nb5 37. Nd5 Ke6 38. Nf4+ Kf5 39. Nd3 Nc3 40. Nc1 Ke4 41. Kh3 Kf3 42. a3 Kxf2 43. Nd3+ Ke3 44. Nf4 Nb1 45. Nd5+ Kd4 46. Nxe7 Nxa3 47. Nc6+ Kc3 48. Nxa7 Kxb3 49. Kg4 c4 50. Kf5 c3 51. Nb5 Nxb5 0-1


[Site "https://www.chess.com"]

[Event "Titled Tuesday Blitz September 27 Early 2022"]
[White "Jones, Daniel"]
[Black "Schekachikhin, Maksim"]
[WhiteFideId "2019655"]
[BlackFideId "24177830"]
[WhiteElo "2335"]
[BlackElo "2226"]
[Result "1-0"]
[Round "03"]
[TimeControl "180+1"]
[Date "2022.09.27"]
[WhiteClock "0:01:00"]
[BlackClock "0:02:02"]

1. f4 e5 2. fxe5 d6 3. Nf3 dxe5 4. e4 Nc6 5. Bc4 Bc5 6. c3 Bg4 7. b4 Bb6 8. b5 Nce7 9. Bxf7+ Kxf7 10. Nxe5+ Ke6 11. Qxg4+ Kxe5 12. d4+ Bxd4 13. Bf4+ Kf6 14. Rf1 Ng6 15. Bxc7+ Ke7 16. Bxd8+ Rxd8 17. cxd4 Nf6 18. Rxf6 gxf6 19. Nc3 Rxd4 20. Nd5+ Kd6 21. Qg3+ Ne5 22. Qg7 Rxe4+ 23. Kf1 Re8 24. Nxf6 Rf4+ 25. Kg1 Re6 26. Rd1+ Kc5 27. Qc7+ Kxb5 28. Nd5 1-0


[Site "https://www.chess.com"]

[Event "Titled Tuesday Blitz September 27 Early 2022"]
[White "Kalashian, David"]
[Black "Ahmadzada, Ahmad"]
[WhiteFideId "13302418"]
[BlackFideId "13413007"]
[WhiteElo "2490"]
[BlackElo "2185"]
[Result "1/2-1/2"]
[Round "03"]
[TimeControl "180+1"]
[Date "2022.09.27"]
[WhiteClock "0:02:27"]
[BlackClock "0:02:02"]

1. d4 Nf6 2. c4 Nc6 3. Nf3 e6 4. Nc3 Bb4 5. e3 O-O 6. Bd3 d6 7. O-O Bxc3 8. bxc3 e5 9. Nd2 Qe7 10. h3 Na5 11. Nb3 Nc6 12. Nd2 Na5 13. Nb3 Nc6 14. Nd2 1/2-1/2


[Site "https://www.chess.com"]

[Event "Titled Tuesday Blitz September 27 Early 2022"]
[White "Karas, Marek"]
[Black "Valle Maytin, Luis Enrique"]
[WhiteFideId "14928558"]
[BlackFideId "3503666"]
[WhiteElo "2272"]
[BlackElo "2225"]
[Result "0-1"]
[Round "03"]
[TimeControl "180+1"]
[Date "2022.09.27"]
[WhiteClock "0:00:04"]
[BlackClock "0:00:08"]

1. h4 d5 2. d4 Nf6 3. Bf4 c6 4. e3 Bg4 5. f3 Bc8 6. Nc3 Nbd7 7. Bd3 b6 8. g4 Bb7 9. h5 h6 10. Nge2 a6 11. Qd2 c5 12. Ng3 e6 13. dxc5 bxc5 14. e4 e5 15. exd5 exf4 16. Qxf4 Qe7+ 17. Kf2 O-O-O 18. Nf5 Qe5 19. Qd2 Nxd5 20. Rae1 Qf6 21. Nxd5 Bxd5 22. Bxa6+ Bb7 23. Bxb7+ Kxb7 24. Qd3 Nb6 25. Qe4+ Qc6 26. Qe2 g6 27. Ng3 Bg7 28. c3 c4 29. Ne4 Rd3 30. hxg6 fxg6 31. Rd1 Rhd8 32. Rxd3 Rxd3 33. Rd1 Qd5 34. Re1 Kc6 35. Qf1 Be5 36. Kg2 g5 37. Re2 Bf4 38. Qf2 Nd7 39. Qa7 Qb5 40. Qa8+ Qb7 41. Qa4+ Qb5 42. Qa8+ Kc7 43. Qa7+ Qb7 44. Qa5+ Qb6 45. Qa4 Qc6 46. Qa7+ Qb7 47. Qf2 Qb6 48. Qf1 Ne5 49. Rf2 Qc6 50. Qe2 Qe6 51. Nc5 Qd5 52. Nxd3 cxd3 53. Qe4 Qxe4 54. fxe4 d2 55. Rf1 Nd3 56. Kf3 Nxb2 57. Ke2 d1=Q+ 58. Rxd1 Nxd1 59. Kxd1 Kc6 60. Kc2 Kc5 61. Kd3 Be5 62. a4 Bf6 63. c4 Be5 64. a5 Bc7 65. a6 Kb6 66. Kd4 Kxa6 67. Kc5 Kb7 68. Kd5 Bf4 69. e5 Kc7 70. e6 Kd8 71. Ke4 Ke7 72. Kf5 Be3 73. Kg6 Kxe6 74. Kxh6 Kd6 75. Kg6 Bf4 76. Kf5 Kc5 0-1


[Site "https://www.chess.com"]

[Event "Titled Tuesday Blitz September 27 Early 2022"]
[White "Karavade, Eesha"]
[Black "Urazayev, Arystanbek"]
[WhiteFideId "5012600"]
[BlackFideId "13709810"]
[WhiteElo "2258"]
[BlackElo "2441"]
[Result "0-1"]
[Round "03"]
[TimeControl "180+1"]
[Date "2022.09.27"]
[WhiteClock "0:00:32"]
[BlackClock "0:01:36"]

1. Nf3 d5 2. c4 d4 3. g3 Nc6 4. Bg2 e5 5. d3 Bb4+ 6. Bd2 a5 7. O-O h5 8. Bg5 f6 9. Bc1 Be6 10. e3 Nge7 11. exd4 Nxd4 12. Nxd4 Qxd4 13. Nc3 c6 14. Be3 Qd7 15. a3 Bxc3 16. bxc3 Bh3 17. d4 Bxg2 18. Kxg2 h4 19. g4 h3+ 20. Kh1 Qe6 21. Qe2 O-O 22. Rae1 f5 23. dxe5 f4 24. Bc5 f3 25. Qe4 Rf7 26. Re3 Ng6 27. Rxf3 Rxf3 28. Qxf3 Qxc4 29. Qxh3 Nf4 0-1


[Site "https://www.chess.com"]

[Event "Titled Tuesday Blitz September 27 Early 2022"]
[White "Khamdamova, Afruza"]
[Black "Blokhin, Sofia"]
[WhiteFideId "14210444"]
[BlackFideId "4508190"]
[WhiteElo "1668"]
[BlackElo "1771"]
[Result "1-0"]
[Round "03"]
[TimeControl "180+1"]
[Date "2022.09.27"]
[WhiteClock "0:00:37"]
[BlackClock "0:00:01"]

1. e4 c5 2. Nf3 Nc6 3. d4 cxd4 4. Nxd4 e5 5. Nb5 d6 6. N1c3 a6 7. Na3 Be7 8. Nd5 b5 9. c3 Nf6 10. Nxe7 Qxe7 11. Bd3 h6 12. O-O Be6 13. Nc2 Rc8 14. Ne3 O-O 15. a4 b4 16. Bxa6 Ra8 17. Bd3 bxc3 18. bxc3 Na5 19. Ba3 Nb3 20. Rb1 Nc5 21. Bxc5 dxc5 22. Bc2 c4 23. Qe2 Rfc8 24. Rb5 Nd7 25. Rfb1 Nc5 26. R5b4 Na6 27. Rb7 Qa3 28. Qe1 Nc5 29. R7b4 Nxa4 30. Ra1 Qxc3 31. Rbxa4 Qxe1+ 32. Rxe1 Rxa4 33. Bxa4 c3 34. Bc2 Rb8 35. Rb1 Rb2 36. Rxb2 cxb2 37. Bb1 Bb3 38. Kf1 g6 39. Ke2 f5 40. exf5 gxf5 41. Nxf5 Be6 42. Kd2 Kf7 43. Kc3 Kf6 44. Nxh6 Kg5 45. Nf5 Bxf5 46. Bxf5 Kxf5 47. Kxb2 Ke4 48. Kc3 Kf4 49. Kd3 e4+ 50. Ke2 Kg4 51. Ke3 Kf5 52. h4 Kg4 53. g3 Kh3 54. Kxe4 Kg4 55. Ke3 1-0


[Site "https://www.chess.com"]

[Event "Titled Tuesday Blitz September 27 Early 2022"]
[White "Khoroshev, Nikita"]
[Black "Tomaszewski, Kacper"]
[WhiteFideId "14200287"]
[BlackFideId "1127373"]
[WhiteElo "2354"]
[BlackElo "2133"]
[Result "0-1"]
[Round "03"]
[TimeControl "180+1"]
[Date "2022.09.27"]
[WhiteClock "0:01:17"]
[BlackClock "0:00:50"]

1. e4 c6 2. Nf3 d5 3. Nc3 Bg4 4. h3 Bxf3 5. Qxf3 e6 6. d4 dxe4 7. Qxe4 Nf6 8. Qd3 Nbd7 9. g3 Bd6 10. Bg2 Qc7 11. O-O h5 12. Ne4 Nxe4 13. Qxe4 Nf6 14. Qf3 O-O-O 15. Bg5 Be7 16. Rfd1 Rd7 17. a4 Qa5 18. Bd2 Qf5 19. Qxf5 exf5 20. c3 h4 21. gxh4 Ne4 22. Be3 Bxh4 23. f3 Nf6 24. Bf2 f4 25. Re1 Rd5 26. Bxh4 Rxh4 27. Re7 Rg5 28. Kf2 Nd5 29. Rxf7 Ne3 30. Rg1 Rg6 31. b3 a5 32. c4 b6 33. Bf1 Nd1+ 34. Ke1 Rxg1 0-1


[Site "https://www.chess.com"]

[Event "Titled Tuesday Blitz September 27 Early 2022"]
[White "Kislov, Oleg"]
[Black "Koellner, Ruben Gideon"]
[WhiteFideId "13503774"]
[BlackFideId "12993093"]
[WhiteElo "2185"]
[BlackElo "2286"]
[Result "1-0"]
[Round "03"]
[TimeControl "180+1"]
[Date "2022.09.27"]
[WhiteClock "0:00:23"]
[BlackClock "0:00:01"]

1. e4 d6 2. d4 Nf6 3. Nc3 e5 4. Nf3 Nbd7 5. Bc4 Be7 6. Ng5 O-O 7. Bxf7+ Rxf7 8. Ne6 Qe8 9. Nxc7 Qd8 10. Nxa8 b5 11. dxe5 Nxe5 12. Nd5 Nxd5 13. Qxd5 Bf8 14. Be3 Bb7 15. Qxb5 Bxe4 16. O-O-O Qxa8 17. f3 Bc6 18. Qb3 a5 19. a4 Kh8 20. f4 Rb7 21. Qc3 Bxg2 22. fxe5 Bxh1 23. Rxh1 Rc7 24. Qxc7 Qxh1+ 25. Kd2 Qxh2+ 26. Kd3 Qxe5 27. Bd4 Qf5+ 28. Kc3 h5 29. Qb8 h4 30. Qb5 Qf3+ 31. Kd2 h3 32. Qg5 Kg8 33. Qh4 Qg2+ 34. Bf2 h2 35. Qc4+ d5 36. Qh4 1-0


[Site "https://www.chess.com"]

[Event "Titled Tuesday Blitz September 27 Early 2022"]
[White "Korchmar, Vasiliy"]
[Black "Sukandar, Irine Kharisma"]
[WhiteFideId "24131750"]
[BlackFideId "7101937"]
[WhiteElo "2370"]
[BlackElo "2284"]
[Result "0-1"]
[Round "03"]
[TimeControl "180+1"]
[Date "2022.09.27"]
[WhiteClock "0:00:50"]
[BlackClock "0:00:10"]

1. e4 e5 2. Nf3 Nc6 3. Nc3 Nf6 4. h3 Bb4 5. Nd5 Bc5 6. c3 O-O 7. d4 exd4 8. cxd4 Nxd5 9. dxc5 Nf6 10. Bd3 Qe7 11. Bg5 h6 12. Bh4 g5 13. Bg3 Nxe4 14. O-O Nxg3 15. fxg3 Qxc5+ 16. Kh2 d5 17. Rc1 Qd6 18. Qd2 f5 19. Nxg5 Rf6 20. Nf3 Bd7 21. Nh4 Raf8 22. Rf4 Ne7 23. Rcf1 c5 24. Kh1 b5 25. Bb1 d4 26. Qf2 Nd5 27. Rf3 Ne3 28. Rxe3 dxe3 29. Qxe3 Qd4 30. Qe7 Re6 31. Qxf8+ Kxf8 32. Nxf5 Rf6 33. g4 Bxf5 34. Bxf5 h5 35. g5 Rxf5 36. Rxf5+ Kg7 37. b3 h4 38. Kh2 Qd6+ 39. Kh1 Qd1+ 40. Kh2 Qc2 41. Rd5 c4 42. Rxb5 c3 43. Rc5 Qe2 44. Rxc3 Qe5+ 0-1


[Site "https://www.chess.com"]

[Event "Titled Tuesday Blitz September 27 Early 2022"]
[White "Korelskiy, Egor"]
[Black "Mickiewicz, Piotr"]
[WhiteFideId "34329064"]
[BlackFideId "1114891"]
[WhiteElo "2071"]
[BlackElo "2246"]
[Result "1-0"]
[Round "03"]
[TimeControl "180+1"]
[Date "2022.09.27"]
[WhiteClock "0:00:04"]
[BlackClock "0:00:07"]

1. e4 e5 2. Nf3 Nc6 3. Bb5 a6 4. Ba4 Nf6 5. O-O Be7 6. Re1 b5 7. Bb3 d6 8. c3 O-O 9. h3 Na5 10. Bc2 c5 11. d4 Qc7 12. d5 Ne8 13. Nbd2 Bd7 14. Nf1 c4 15. Ng3 g6 16. Bh6 Ng7 17. Qd2 f6 18. Nh2 Nb7 19. f4 exf4 20. Bxf4 Nc5 21. Kh1 a5 22. a3 Rf7 23. Nf3 Qb7 24. Be3 Qc7 25. Bd4 Rb8 26. Rf1 Be8 27. Rae1 Nd7 28. Ne2 Ne5 29. Nf4 Bd7 30. Be3 Rbf8 31. Nd4 Qb8 32. Nfe6 Rc8 33. Bh6 Ne8 34. Be3 b4 35. axb4 axb4 36. Rf2 b3 37. Bb1 Ng7 38. Bh6 Bxe6 39. Nxe6 Bf8 40. Bxg7 Bxg7 41. Ref1 Re8 42. Qf4 Qc8 43. Qh4 Rxe6 44. dxe6 Qxe6 45. Rd2 h5 46. Rfd1 Rd7 47. Qf2 Kh7 48. Rd5 Bh6 49. Qb6 Bf8 50. Qb5 Be7 51. Qb6 Kg7 52. Qf2 g5 53. Qd4 h4 54. Qf2 Ng6 55. e5 Nxe5 56. Bf5 Qf7 57. Bxd7 Nxd7 58. Rxd6 Ne5 59. R6d4 Qe6 60. Qe2 Kg6 61. Re4 Bc5 62. Rf1 Qd5 63. Rd1 Nd3 64. Re8 Nf2+ 65. Kh2 Qxd1 66. Rg8+ Kf7 67. Qe8# 1-0


[Site "https://www.chess.com"]

[Event "Titled Tuesday Blitz September 27 Early 2022"]
[White "Koziorowicz, Michal"]
[Black "Svane, Rasmus"]
[WhiteFideId "21809194"]
[BlackFideId "4657101"]
[WhiteElo "2220"]
[BlackElo "2674"]
[Result "0-1"]
[Round "03"]
[TimeControl "180+1"]
[Date "2022.09.27"]
[WhiteClock "0:00:05"]
[BlackClock "0:00:29"]

1. e4 c6 2. d4 d5 3. e5 Bf5 4. Bg5 Qb6 5. Bd3 Bxd3 6. Qxd3 e6 7. Nf3 h6 8. Bd2 Qa6 9. Qxa6 Nxa6 10. a3 c5 11. c3 c4 12. g4 h5 13. g5 Ne7 14. Nh4 g6 15. f4 Nc6 16. Be3 Be7 17. Nd2 Nc7 18. Ke2 Kd7 19. Rhb1 Rhc8 20. Nhf3 b6 21. Ne1 Rab8 22. Nc2 Na5 23. Ne1 Bf8 24. Nc2 Nc6 25. Ne1 Rb7 26. Kd1 b5 27. Kc2 a5 28. Kc1 b4 29. axb4 axb4 30. Ra4 Rcb8 31. Nc2 bxc3 32. bxc3 Nb5 33. Rxb5 Rxb5 34. Ra2 Ra5 35. Rb2 Ba3 36. Nxa3 Rxa3 37. Nb1 Rxb2 38. Kxb2 Ra8 39. Nd2 Rb8+ 40. Kc2 Na5 41. Nb1 Kc6 42. Bc1 Kb5 43. Ba3 Ka4 44. Bd6 Rb7 45. Nd2 Nb3 46. Nb1 Na1+ 47. Kc1 Rb5 48. Be7 Rb8 49. Bd6 Rb7 50. Bc5 Nb3+ 51. Kc2 Nxc5 52. dxc5 Kb5 53. Nd2 Kxc5 54. Nf3 d4 0-1


[Site "https://www.chess.com"]

[Event "Titled Tuesday Blitz September 27 Early 2022"]
[White "Krishnan, Varun"]
[Black "Sadilek, Peter"]
[WhiteFideId "5054508"]
[BlackFideId "1616439"]
[WhiteElo "2629"]
[BlackElo "2145"]
[Result "0-1"]
[Round "03"]
[TimeControl "180+1"]
[Date "2022.09.27"]
[WhiteClock "0:00:17"]
[BlackClock "0:00:10"]

1. e4 e6 2. d4 d5 3. Nd2 h6 4. Ngf3 Nf6 5. Bd3 c5 6. dxc5 Bxc5 7. O-O Nc6 8. c3 O-O 9. Re1 Qc7 10. exd5 exd5 11. Nb3 Bb6 12. Nbd4 Bg4 13. Be3 Ne5 14. Be2 Nc4 15. Bxc4 dxc4 16. h3 Bh5 17. Nf5 Rad8 18. Bd4 Qf4 19. Ne7+ Kh8 20. g4 Nxg4 21. hxg4 Qxg4+ 22. Kh2 Bc7+ 23. Ne5 Qh4+ 24. Kg2 Qg5+ 25. Kf1 Bxd1 26. Raxd1 Bxe5 27. Rxe5 Qxe5 28. Bxe5 Rxd1+ 29. Ke2 Rd7 30. Nf5 Re8 31. f4 f6 32. Nxg7 Kxg7 33. Kf3 fxe5 34. f5 Kf6 35. Kg4 Rg8+ 36. Kh5 Rg5+ 37. Kxh6 Rd3 0-1


[Site "https://www.chess.com"]

[Event "Titled Tuesday Blitz September 27 Early 2022"]
[White "Lahdelma, Henri"]
[Black "Rose, Felix"]
[WhiteFideId "510394"]
[BlackFideId "5105722"]
[WhiteElo "2210"]
[BlackElo "2039"]
[Result "1/2-1/2"]
[Round "03"]
[TimeControl "180+1"]
[Date "2022.09.27"]
[WhiteClock "0:00:57"]
[BlackClock "0:00:13"]

1. d4 Nf6 2. c4 e6 3. e3 d5 4. Nf3 Be7 5. Nc3 O-O 6. Bd2 b6 7. a3 Bb7 8. b4 a5 9. c5 c6 10. Bd3 Nbd7 11. O-O h6 12. Re1 Qc8 13. h3 Re8 14. Qc2 Bf8 15. Rac1 axb4 16. axb4 Ba6 17. b5 cxb5 18. Nxb5 bxc5 19. dxc5 Qxc5 20. Qb1 Qb6 21. Nc7 Bxd3 22. Qxd3 Nc5 23. Rxc5 Bxc5 24. Nxe8 Rxe8 25. Ne5 Ne4 26. Rb1 Qd6 27. Nf3 Nxd2 28. Qxd2 Qa6 29. Qc3 Be7 30. Ra1 Qc8 31. Qb3 Bf6 32. Ra7 Qc1+ 33. Kh2 Rc8 34. Qb7 Rf8 35. Qd7 Qc2 36. Kg1 Qb1+ 37. Kh2 Qc2 38. Kg3 Qg6+ 39. Kh2 Qc2 1/2-1/2


[Site "https://www.chess.com"]

[Event "Titled Tuesday Blitz September 27 Early 2022"]
[White "Lazavik, Denis"]
[Black "Maltsevskaya, Aleksandra"]
[WhiteFideId "13515110"]
[BlackFideId "24174041"]
[WhiteElo "2437"]
[BlackElo "2243"]
[Result "1-0"]
[Round "03"]
[TimeControl "180+1"]
[Date "2022.09.27"]
[WhiteClock "0:01:30"]
[BlackClock "0:00:16"]

1. d4 Nf6 2. c4 c5 3. d5 b5 4. cxb5 a6 5. e3 e6 6. dxe6 fxe6 7. Nc3 Be7 8. Nf3 O-O 9. bxa6 d5 10. Be2 Nc6 11. O-O Bxa6 12. Bxa6 Rxa6 13. b3 Nd7 14. Qe2 Qa5 15. Bd2 Qb6 16. Na4 Qa7 17. Rac1 Rc8 18. e4 Nb6 19. Nxb6 Qxb6 20. exd5 Nd8 21. Bc3 Rca8 22. Rc2 Qa7 23. dxe6 Rxa2 24. Rxa2 Qxa2 25. Qe5 Bf6 26. Qd5 Bxc3 27. e7+ Nf7 28. Ng5 1-0


[Site "https://www.chess.com"]

[Event "Titled Tuesday Blitz September 27 Early 2022"]
[White "Le, Tuan Minh"]
[Black "Gilmanov, Mansur"]
[WhiteFideId "12401153"]
[BlackFideId "4166868"]
[WhiteElo "2530"]
[BlackElo "2377"]
[Result "1-0"]
[Round "03"]
[TimeControl "180+1"]
[Date "2022.09.27"]
[WhiteClock "0:00:55"]
[BlackClock "0:00:02"]

1. d4 f5 2. Nf3 e6 3. g3 c6 4. Bg2 d5 5. O-O Nf6 6. c4 Bd6 7. b3 O-O 8. Ba3 b6 9. Bxd6 Qxd6 10. Nbd2 a5 11. Qc2 Ba6 12. Rfd1 Nbd7 13. Rac1 Ne4 14. e3 Kh8 15. Bf1 Bb7 16. Ne1 c5 17. dxc5 Ndxc5 18. Bg2 Rac8 19. Nxe4 fxe4 20. Bxe4 Nxe4 21. Qxe4 Qc7 22. Qd3 dxc4 23. Rxc4 Qf7 24. Rf4 Qh5 25. Rh4 Qf5 26. Qxf5 exf5 27. Rhd4 Rc7 28. h4 h6 29. Nd3 Rfc8 30. Ne5 Kh7 31. Rc4 1-0


[Site "https://www.chess.com"]

[Event "Titled Tuesday Blitz September 27 Early 2022"]
[White "Levitan, Caleb Levi"]
[Black "Koridze, Lile"]
[WhiteFideId "14332620"]
[BlackFideId "13612514"]
[WhiteElo "1811"]
[BlackElo "2050"]
[Result "1-0"]
[Round "03"]
[TimeControl "180+1"]
[Date "2022.09.27"]
[WhiteClock "0:00:25"]
[BlackClock "0:01:39"]

1. b3 d5 2. Bb2 e6 3. g3 Nf6 4. Bg2 Be7 5. d3 O-O 6. Nd2 c5 7. e3 Nc6 8. Ne2 b6 9. O-O Bb7 10. d4 Rc8 11. c4 cxd4 12. Nxd4 dxc4 13. Nxc6 Bxc6 14. Bxc6 Rxc6 15. Nxc4 Qc8 16. Qf3 b5 17. Ne5 Rc2 18. Bd4 a6 19. a4 Nd5 20. axb5 axb5 21. Qg4 f5 22. Qf3 Nf6 23. Nd3 Ne4 24. Rfc1 Nd2 25. Qd1 Rxc1 26. Rxc1 Nc4 27. bxc4 bxc4 28. Ne5 Rd8 29. Nxc4 Qa6 30. Ne5 Bf6 31. Qh5 Qa3 32. Qf7+ Kh8 33. Rf1 Qd6 34. Nc4 Qf8 35. Qxf8+ Rxf8 36. Bxf6 Rxf6 37. Kg2 g6 38. Kf3 Kg7 39. Kf4 h6 40. Rd1 Rf7 41. Ne5 Rc7 42. Rd7+ Rxd7 43. Nxd7 Kf7 44. Ke5 Ke7 45. Nc5 g5 46. Nxe6 f4 47. exf4 1-0


[Site "https://www.chess.com"]

[Event "Titled Tuesday Blitz September 27 Early 2022"]
[White "Levitskiy, Andrey"]
[Black "Vagman, Roy"]
[WhiteFideId "14132885"]
[BlackFideId "2828995"]
[WhiteElo "2303"]
[BlackElo "1945"]
[Result "1-0"]
[Round "03"]
[TimeControl "180+1"]
[Date "2022.09.27"]
[WhiteClock "0:00:58"]
[BlackClock "0:00:01"]

1. e4 c5 2. Nf3 d6 3. d4 cxd4 4. Nxd4 Nf6 5. Nc3 Nc6 6. Bc4 Qb6 7. Nb3 g6 8. Be3 Qc7 9. Be2 Bg7 10. O-O O-O 11. f4 a6 12. Kh1 b5 13. a3 Bb7 14. Qe1 e6 15. Rd1 Rad8 16. Qf2 Qc8 17. Bf3 Rfe8 18. g4 e5 19. f5 gxf5 20. gxf5 Kh8 21. Rg1 Rg8 22. Qh4 Ne7 23. Rxg7 Rxg7 24. Qxf6 Nxf5 25. Rg1 Rg8 26. Bg4 Qe6 27. Bg5 h6 28. Bxf5 Qxf6 29. Bxf6 Bc6 30. Nd5 Bxd5 31. exd5 e4 32. Bxe4 b4 33. axb4 a5 34. Nd4 axb4 35. Nf5 b3 36. Nxg7 bxc2 37. Ne8+ Rg7 38. Bxg7+ Kg8 39. Nf6# 1-0


[Site "https://www.chess.com"]

[Event "Titled Tuesday Blitz September 27 Early 2022"]
[White "Ljukin, Sergei"]
[Black "Sebenik, Matej"]
[WhiteFideId "14102200"]
[BlackFideId "14602296"]
[WhiteElo "2312"]
[BlackElo "2461"]
[Result "1-0"]
[Round "03"]
[TimeControl "180+1"]
[Date "2022.09.27"]
[WhiteClock "0:00:14"]
[BlackClock "0:00:03"]

1. e4 c5 2. Nf3 Nc6 3. d4 cxd4 4. Nxd4 g6 5. c4 Nf6 6. Nc3 d6 7. Be2 Nxd4 8. Qxd4 Bg7 9. Be3 O-O 10. Qd2 a5 11. Rc1 a4 12. f3 Qa5 13. Nd5 Nxd5 14. cxd5 Bxb2 15. Qxa5 Rxa5 16. Rc7 e6 17. Bb6 Ra8 18. Kd2 exd5 19. exd5 Bf6 20. Be3 Bd8 21. Rc4 Bd7 22. Rb1 b5 23. Rcc1 Ba5+ 24. Kd1 Rfe8 25. Bf4 b4 26. Bxd6 Bf5 27. Rb2 a3 28. Rb3 Bd7 29. Rxb4 Bxb4 30. Bxb4 Ba4+ 31. Kd2 Bd7 32. Rc7 Bf5 33. g4 Bb1 34. Bc4 Rec8 35. d6 Rcb8 36. d7 Kg7 37. Bc3+ Kh6 38. Bf6 g5 39. Kc1 Bg6 40. Bd5 Rb1+ 41. Kd2 Rb2+ 42. Kc3 1-0


[Site "https://www.chess.com"]

[Event "Titled Tuesday Blitz September 27 Early 2022"]
[White "Lopez Martinez, Josep Manuel"]
[Black "Howell, David W L"]
[WhiteFideId "2212943"]
[BlackFideId "410608"]
[WhiteElo "2471"]
[BlackElo "2559"]
[Result "0-1"]
[Round "03"]
[TimeControl "180+1"]
[Date "2022.09.27"]
[WhiteClock "0:00:10"]
[BlackClock "0:00:24"]

1. d4 g6 2. e4 Bg7 3. Nc3 c6 4. Nf3 d5 5. h3 dxe4 6. Nxe4 Nf6 7. Nxf6+ exf6 8. Be3 O-O 9. Qd2 Be6 10. O-O-O b5 11. Kb1 a5 12. Rc1 Na6 13. c4 bxc4 14. Bxc4 Re8 15. Ka1 Nb4 16. a3 Nd5 17. Bh6 Rb8 18. Bxg7 Kxg7 19. Ba2 Qb6 20. Rc5 Nf4 21. Bxe6 Rxe6 22. Re1 Rxe1+ 23. Nxe1 Qb3 24. Rc3 Qb6 25. g3 Ne6 26. Nf3 Rd8 27. Rd3 Qb5 28. Qc3 Qd5 29. Kb1 c5 30. Qxa5 Qe4 0-1


[Site "https://www.chess.com"]

[Event "Titled Tuesday Blitz September 27 Early 2022"]
[White "Machidon, Cristi"]
[Black "Weetik, Vjacheslav"]
[WhiteFideId "13904590"]
[BlackFideId "4153472"]
[WhiteElo "2312"]
[BlackElo "2469"]
[Result "0-1"]
[Round "03"]
[TimeControl "180+1"]
[Date "2022.09.27"]
[WhiteClock "0:00:18"]
[BlackClock "0:00:59"]

1. d4 Nf6 2. Nf3 g6 3. c4 Bg7 4. Nc3 O-O 5. g3 c6 6. Bg2 d5 7. cxd5 cxd5 8. Ne5 e6 9. O-O Nfd7 10. Nxd7 Bxd7 11. e4 dxe4 12. Nxe4 Bc6 13. Be3 Nd7 14. Rc1 Nb6 15. Nc5 Bxg2 16. Kxg2 Qd5+ 17. Qf3 Qxa2 18. Ra1 Qd5 19. Nxb7 Rfb8 20. Nc5 a5 21. Rfc1 h5 22. b3 Qxf3+ 23. Kxf3 Nd5 24. Ra4 Rb5 25. Bd2 Nb6 26. Ra3 Bxd4 27. Ne4 Bb2 0-1


[Site "https://www.chess.com"]